[ AOE2 MATCH · #513473517 ]
UnrankedLithuanians vs Mongols
Rival team · WIN
[ REPLAY ANALYSIS · EXTRACTED FROM THE RECORDED GAME ]
Feudal
11:48
Castle
15:48
Imperial
36:19
| APM avg | 59.5 |
| APM peak | 110 |
| eAPM avg | 37.0 |
| Villagers / military | 152 / 44 |
Focus
⚔️ 64.8% · 🌾 35.2%
Scorpion ×22 · Knight ×7 · Trebuchet (Packed) ×7 · Mangonel ×3 · Spearman ×3 · Monk ×2
Feudal
9:43
Castle
21:56
Imperial
35:48
| APM avg | 64.9 |
| APM peak | 135 |
| eAPM avg | 24.3 |
| Villagers / military | 150 / 121 |
Focus
⚔️ 33.1% · 🌾 66.9%
Cavalry Archer ×57 · Scout Cavalry ×48 · Trebuchet (Packed) ×8 · Monk ×3 · Knight ×2 · Mangonel ×1
Match map
Initial resources + every placement click. Lines = walls · curves = elevation contours. ◆ gold · ⬟ stone · ● berries · ✦ relic · ◌ wall gap
Your base· Open — unwalled flank
YAI's base· Open — 6t gap
Smoothed initial terrain · ◌ = detected wall gap · hover for details
Inputs per minute
— [CL] KleciusPrimeAOE - - YAI
Build order — [CL] KleciusPrimeAOE
First 150 of 322 actions detected
| 0:00 | queue | Villager (Male) |
| 0:01 | queue | Villager (Male) |
| 0:01 | queue | Villager (Male) |
| 0:01 | queue | Villager (Male) |
| 0:02 | Build | House |
| 0:04 | Build | House |
| 0:22 | Research | Loom |
| 0:22 | Research | Loom |
| 0:22 | Research | Loom |
| 0:22 | Research | Loom |
| 0:22 | Research | Loom |
| 0:31 | queue | Villager (Male) |
| 0:35 | queue | Villager (Male) |
| 0:35 | queue | Villager (Male) |
| 0:35 | queue | Villager (Male) |
| 0:52 | queue | Villager (Male) |
| 2:45 | queue | Villager (Male) |
| 3:33 | queue | Villager (Male) |
| 4:13 | queue | Villager (Male) |
| 4:13 | queue | Villager (Male) |
| 4:15 | queue | Villager (Male) |
| 4:15 | queue | Villager (Male) |
| 4:24 | Build | House |
| 4:29 | Build | House |
| 4:42 | queue | Villager (Male) |
| 4:42 | queue | Villager (Male) |
| 4:46 | Build | Lumber Camp |
| 5:05 | queue | Villager (Male) |
| 5:28 | queue | Villager (Male) |
| 5:28 | queue | Villager (Male) |
| 5:34 | Build | House |
| 5:53 | queue | Villager (Male) |
| 6:18 | queue | Villager (Male) |
| 6:34 | queue | Villager (Male) |
| 6:34 | queue | Villager (Male) |
| 7:11 | Build | House |
| 7:22 | queue | Villager (Male) |
| 7:38 | queue | Villager (Male) |
| 7:47 | Build | Mill |
| 8:13 | queue | Villager (Male) |
| 9:01 | queue | Villager (Male) |
| 9:13 | queue | Villager (Male) |
| 9:16 | Build | Mining Camp |
| 9:22 | Research | Feudal Age |
| 11:08 | queue | Villager (Male) |
| 11:26 | Build | House |
| 11:44 | queue | Villager (Male) |
| 11:48 | Age | Feudal Age |
| 11:50 | Build | Market |
| 11:54 | Build | Blacksmith |
| 12:38 | Build | Mill |
| 13:09 | Research | Castle Age |
| 13:44 | Build | Barracks |
| 14:00 | Build | Stone Wall |
| 14:02 | Build | Stone Wall |
| 14:04 | Build | Stone Wall |
| 14:24 | Build | House |
| 14:25 | Build | House |
| 14:27 | Build | Palisade Wall |
| 14:30 | Build | Palisade Wall |
| 14:31 | Build | Palisade Wall |
| 14:43 | Build | Palisade Wall |
| 15:04 | queue | Villager (Male) |
| 15:06 | queue | Villager (Male) |
| 15:21 | queue | Spearman |
| 15:21 | queue | Spearman |
| 15:22 | queue | Spearman |
| 15:48 | Age | Castle Age |
| 15:50 | Build | Town Center |
| 15:59 | Build | Palisade Wall |
| 16:02 | Build | Palisade Wall |
| 16:04 | Build | Palisade Wall |
| 16:07 | Build | Palisade Wall |
| 16:09 | Build | Palisade Wall |
| 16:12 | Build | Palisade Wall |
| 16:21 | queue | Villager (Male) |
| 16:23 | Build | Farm |
| 16:40 | Build | Farm |
| 16:47 | Build | Farm |
| 16:47 | Build | Farm |
| 16:52 | queue | Villager (Male) |
| 16:52 | queue | Villager (Male) |
| 16:52 | queue | Villager (Male) |
| 17:07 | Build | Farm |
| 17:17 | Build | House |
| 17:22 | queue | Villager (Male) |
| 17:22 | queue | Villager (Male) |
| 17:25 | Build | Farm |
| 17:31 | Build | Farm |
| 17:45 | Build | Farm |
| 17:50 | Build | Farm |
| 17:52 | Build | Farm |
| 17:53 | queue | Villager (Male) |
| 17:53 | queue | Villager (Male) |
| 18:06 | queue | Villager (Male) |
| 18:13 | Build | Palisade Wall |
| 18:21 | Build | Farm |
| 18:21 | Build | Farm |
| 18:25 | queue | Villager (Male) |
| 18:49 | Build | Monastery |
| 18:53 | queue | Villager (Male) |
| 18:57 | Build | Farm |
| 19:13 | Build | Palisade Wall |
| 19:14 | queue | Villager (Male) |
| 19:21 | queue | Villager (Male) |
| 19:21 | queue | Villager (Male) |
| 19:42 | queue | Villager (Male) |
| 19:42 | queue | Villager (Male) |
| 19:42 | queue | Villager (Male) |
| 19:50 | Build | Palisade Wall |
| 19:55 | queue | Villager (Male) |
| 20:01 | Build | Palisade Gate |
| 20:06 | queue | Villager (Male) |
| 20:15 | Build | Stable |
| 20:17 | queue | Villager (Male) |
| 20:17 | queue | Villager (Male) |
| 20:28 | queue | Villager (Male) |
| 20:32 | Build | House |
| 20:46 | Build | Palisade Gate |
| 20:48 | Build | Palisade Gate |
| 20:54 | Build | Palisade Wall |
| 20:56 | Build | Palisade Wall |
| 20:57 | Build | Palisade Wall |
| 21:07 | queue | Knight |
| 21:08 | queue | Villager (Male) |
| 21:20 | Build | Farm |
| 21:21 | Build | Farm |
| 21:21 | queue | Villager (Male) |
| 21:29 | Build | Farm |
| 21:41 | queue | Villager (Male) |
| 21:48 | Build | House |
| 21:49 | Build | House |
| 21:54 | queue | Monk |
| 21:56 | queue | Villager (Male) |
| 21:56 | queue | Villager (Male) |
| 22:08 | Build | House |
| 22:14 | queue | Villager (Male) |
| 22:19 | Build | Palisade Wall |
| 22:26 | Build | Farm |
| 22:27 | Build | Farm |
| 22:31 | Build | Farm |
| 22:33 | Build | Lumber Camp |
| 22:47 | queue | Villager (Male) |
| 22:58 | Build | House |
| 23:01 | Build | Palisade Wall |
| 23:04 | queue | Villager (Male) |
| 23:04 | queue | Villager (Male) |
| 23:04 | queue | Villager (Male) |
| 23:10 | Build | Farm |
| 23:11 | Build | Farm |
Build order — YAI
First 150 of 399 actions detected
| 0:00 | queue | Villager (Male) |
| 0:01 | queue | Villager (Male) |
| 0:01 | queue | Villager (Male) |
| 0:02 | Build | House |
| 0:03 | Build | House |
| 0:05 | queue | Villager (Male) |
| 0:05 | queue | Villager (Male) |
| 1:35 | queue | Villager (Male) |
| 1:39 | Build | Mill |
| 2:01 | queue | Villager (Male) |
| 2:02 | queue | Villager (Male) |
| 2:08 | Build | House |
| 2:24 | queue | Villager (Male) |
| 2:24 | queue | Villager (Male) |
| 2:54 | queue | Villager (Male) |
| 3:46 | queue | Villager (Male) |
| 4:08 | queue | Villager (Male) |
| 4:24 | queue | Villager (Male) |
| 4:42 | queue | Villager (Male) ×5 |
| 6:12 | Build | House |
| 6:53 | Build | Lumber Camp |
| 7:02 | Research | Loom |
| 7:33 | Research | Feudal Age |
| 7:55 | Build | Mill |
| 7:59 | queue | Villager (Male) |
| 8:50 | Build | Barracks |
| 9:00 | Build | House |
| 9:01 | Build | Palisade Wall |
| 9:07 | Build | Palisade Wall |
| 9:31 | Build | Farm |
| 9:34 | Build | Farm |
| 9:35 | Build | Farm |
| 9:43 | Age | Feudal Age |
| 9:50 | Research | Double-Bit Axe |
| 10:03 | queue | Spearman |
| 10:10 | queue | Villager (Male) |
| 10:20 | Build | House |
| 10:35 | queue | Villager (Male) |
| 10:57 | queue | Villager (Male) |
| 11:07 | Build | Stable |
| 11:13 | queue | Villager (Male) |
| 11:25 | Build | Palisade Wall |
| 11:35 | Build | Palisade Wall |
| 11:39 | queue | Villager (Male) |
| 11:41 | Build | Farm |
| 11:44 | Build | Farm |
| 11:51 | queue | Villager (Male) |
| 12:00 | Build | Farm |
| 12:02 | queue | Villager (Male) |
| 12:05 | queue | Scout Cavalry |
| 12:05 | queue | Scout Cavalry |
| 12:13 | queue | Villager (Male) |
| 12:26 | queue | Scout Cavalry |
| 12:28 | queue | Villager (Male) |
| 12:30 | Build | Farm |
| 12:32 | Build | Farm |
| 12:42 | queue | Villager (Male) |
| 12:49 | queue | Villager (Male) |
| 13:01 | Build | Palisade Wall |
| 13:04 | Build | Palisade Gate |
| 13:10 | queue | Scout Cavalry |
| 13:11 | queue | Villager (Male) |
| 13:15 | Build | Farm |
| 13:16 | Build | Farm |
| 13:17 | Build | Farm |
| 13:18 | queue | Villager (Male) |
| 13:30 | Build | Palisade Wall |
| 13:39 | queue | Scout Cavalry |
| 14:13 | queue | Scout Cavalry |
| 14:14 | queue | Villager (Male) |
| 14:16 | Build | House |
| 14:21 | Build | House |
| 14:24 | Build | House |
| 14:26 | Build | Palisade Wall |
| 14:26 | queue | Villager (Male) |
| 14:32 | Research | Wheelbarrow |
| 14:32 | queue | Villager (Male) |
| 14:35 | Build | Farm |
| 15:09 | queue | Villager (Male) |
| 15:12 | Build | Farm |
| 15:13 | queue | Villager (Male) |
| 15:16 | Build | House |
| 15:24 | queue | Villager (Male) |
| 15:29 | queue | Scout Cavalry |
| 15:30 | queue | Villager (Male) |
| 15:35 | Build | Lumber Camp |
| 15:38 | Build | Farm |
| 15:40 | Build | Farm |
| 15:41 | queue | Villager (Male) |
| 16:30 | queue | Villager (Male) |
| 16:34 | Build | Mining Camp |
| 16:36 | queue | Villager (Male) |
| 16:40 | Build | Farm |
| 16:42 | Build | Farm |
| 16:43 | queue | Villager (Male) |
| 17:13 | Build | Farm |
| 17:52 | queue | Villager (Male) |
| 18:01 | Build | Market |
| 18:11 | queue | Villager (Male) |
| 18:51 | queue | Villager (Male) |
| 18:55 | Build | Blacksmith |
| 19:05 | Research | Castle Age |
| 19:27 | Research | Horse Collar |
| 19:52 | Build | Archery Range |
| 19:55 | Research | Padded Archer Armor |
| 19:56 | Research | Fletching |
| 19:57 | Research | Bloodlines |
| 20:02 | Research | Gold Mining |
| 20:46 | queue | Villager (Male) ×5 |
| 20:48 | Build | Archery Range |
| 21:05 | queue | Villager (Male) |
| 21:24 | queue | Villager (Male) |
| 21:27 | queue | Villager (Male) |
| 21:56 | Age | Castle Age |
| 21:58 | queue | Cavalry Archer |
| 21:58 | queue | Cavalry Archer |
| 21:59 | Research | Bow Saw |
| 22:04 | Build | Town Center |
| 22:07 | queue | Villager (Male) |
| 22:12 | queue | Cavalry Archer |
| 22:13 | Research | Husbandry |
| 22:16 | Research | Bodkin Arrow |
| 22:17 | Research | Leather Archer Armor |
| 22:20 | queue | Villager (Male) |
| 22:43 | Build | Farm |
| 22:47 | queue | Cavalry Archer |
| 22:54 | Build | House |
| 22:59 | Build | House |
| 23:03 | Build | House |
| 23:04 | Build | House |
| 23:15 | queue | Cavalry Archer |
| 23:17 | queue | Villager (Male) |
| 23:19 | queue | Villager (Male) |
| 23:21 | queue | Villager (Male) |
| 23:25 | queue | Villager (Male) |
| 23:27 | queue | Cavalry Archer |
| 23:38 | queue | Cavalry Archer |
| 23:52 | queue | Cavalry Archer |
| 23:54 | queue | Villager (Male) |
| 24:06 | queue | Villager (Male) |
| 24:09 | queue | Cavalry Archer |
| 24:14 | Build | University |
| 24:15 | queue | Villager (Male) |
| 24:17 | Build | Lumber Camp |
| 24:20 | Build | House |
| 24:40 | queue | Villager (Male) ×5 |
| 24:41 | queue | Cavalry Archer |
| 25:00 | queue | Villager (Male) |
| 25:02 | Build | House |
| 25:02 | Build | House |
Match timeline
| 8:50 | YAI · first_building Barracks |
| 9:01 | YAI · wall_segment Palisade Wall x1 |
| 9:07 | YAI · wall_segment Palisade Wall x4 |
| 9:43 | YAI · age_up feudal |
| 11:07 | YAI · first_building Stable |
| 11:25 | YAI · wall_segment Palisade Wall x5 |
| 11:35 | YAI · wall_segment Palisade Wall x4 |
| 11:48 | [CL] KleciusPrimeAOE · age_up feudal |
| 13:01 | YAI · wall_segment Palisade Wall x4 |
| 13:06 | [CL] KleciusPrimeAOE · first_market_buy 100 food |
| 13:07 | [CL] KleciusPrimeAOE · first_market_sell 100 wood |
| 13:30 | YAI · wall_segment Palisade Wall x2 |
| 13:44 | [CL] KleciusPrimeAOE · first_building Barracks |
| 14:00 | [CL] KleciusPrimeAOE · wall_segment Stone Wall x1 |
| 14:02 | [CL] KleciusPrimeAOE · wall_segment Stone Wall x1 |
| 14:04 | [CL] KleciusPrimeAOE · wall_segment Stone Wall x1 |
| 14:26 | YAI · wall_segment Palisade Wall x3 |
| 14:27 | [CL] KleciusPrimeAOE · wall_segment Palisade Wall x1 |
| 14:30 | [CL] KleciusPrimeAOE · wall_segment Palisade Wall x1 |
| 14:31 | [CL] KleciusPrimeAOE · wall_segment Palisade Wall x1 |
| 14:43 | [CL] KleciusPrimeAOE · wall_segment Palisade Wall x1 |
| 15:48 | [CL] KleciusPrimeAOE · age_up castle |
| 15:59 | [CL] KleciusPrimeAOE · wall_segment Palisade Wall x1 |
| 16:02 | [CL] KleciusPrimeAOE · wall_segment Palisade Wall x1 |
| 16:04 | [CL] KleciusPrimeAOE · wall_segment Palisade Wall x1 |
| 16:07 | [CL] KleciusPrimeAOE · wall_segment Palisade Wall x1 |
| 16:09 | [CL] KleciusPrimeAOE · wall_segment Palisade Wall x1 |
| 16:12 | [CL] KleciusPrimeAOE · wall_segment Palisade Wall x1 |
| 18:13 | [CL] KleciusPrimeAOE · wall_segment Palisade Wall x1 |
| 18:49 | [CL] KleciusPrimeAOE · first_building Monastery |
| 19:13 | [CL] KleciusPrimeAOE · wall_segment Palisade Wall x8 |
| 19:50 | [CL] KleciusPrimeAOE · wall_segment Palisade Wall x1 |
| 19:52 | YAI · first_building Archery Range |
| 20:15 | [CL] KleciusPrimeAOE · first_building Stable |
| 20:54 | [CL] KleciusPrimeAOE · wall_segment Palisade Wall x1 |
| 20:56 | [CL] KleciusPrimeAOE · wall_segment Palisade Wall x1 |
| 20:57 | [CL] KleciusPrimeAOE · wall_segment Palisade Wall x1 |
| 21:56 | YAI · age_up castle |
| 22:19 | [CL] KleciusPrimeAOE · wall_segment Palisade Wall x11 |
| 23:01 | [CL] KleciusPrimeAOE · wall_segment Palisade Wall x1 |
| 24:42 | [CL] KleciusPrimeAOE · first_building Siege Workshop |
| 25:42 | [CL] KleciusPrimeAOE · wall_segment Stone Wall x1 |
| 25:57 | [CL] KleciusPrimeAOE · wall_segment Stone Wall x1 |
| 25:58 | [CL] KleciusPrimeAOE · wall_segment Stone Wall x1 |
| 26:01 | [CL] KleciusPrimeAOE · wall_segment Stone Wall x10 |
| 27:06 | [CL] KleciusPrimeAOE · wall_segment Stone Wall x1 |
| 27:06 | [CL] KleciusPrimeAOE · wall_segment Stone Wall x1 |
| 27:07 | [CL] KleciusPrimeAOE · wall_segment Stone Wall x1 |
| 27:08 | [CL] KleciusPrimeAOE · wall_segment Stone Wall x1 |
| 27:09 | [CL] KleciusPrimeAOE · wall_segment Stone Wall x1 |
| 28:17 | YAI · first_building Siege Workshop |
| 30:17 | YAI · first_building Castle |
| 30:29 | [CL] KleciusPrimeAOE · first_building Castle |
| 31:50 | YAI · first_building Monastery |
| 32:08 | YAI · first_market_sell 100 food |
| 35:48 | YAI · age_up imperial |
| 36:19 | [CL] KleciusPrimeAOE · age_up imperial |
| 45:35 | [CL] KleciusPrimeAOE · resign |
[ AI ANALYSIS · 1 CREDIT ]
What really happened in this match?
Wolo.gg analyzes every decision: build order, eco, micro, common mistakes by bracket. Personalized analysis on WhatsApp or Discord in 30 seconds.
Civ guide
Lithuanians
Perfil
Jugador #559189